 Dungeon Crawl Stone Soup version bcrawl-1.21.2-20-g6d45ba5942 (webtiles) character file.

Game seed: 2452021029028762161

11349 Mrkan the Basher (level 11, -4/100 HPs)
             Began as a Minotaur Fighter on Feb 25, 2020.
             Was a High Priest of Okawaru.
             Slain by a black mamba (7 damage)
             ... on level 3 of the Lair of Beasts.
             The game lasted 00:14:39 (9789 turns).

Mrkan the Basher (Minotaur Fighter)                 Turns: 9789, Time: 00:14:40

Health: -4/100     AC: 16    Str: 20    XL:     11   Next: 48%
Magic:  13/13      EV:  3    Int:  5    God:    Okawaru [*****.]
Gold:   432        SH: 18    Dex: 14    Spells: 10/10 levels left

rFire    . . .     SeeInvis .   z - +6 flail "Ohaomm" {crush, +Blink rN+}
rCold    . . .     Gourm    .   q - +1 large shield
rNeg     + . .     Faith    .   m - +0 plate armour (curse)
rPois    .         Spirit   .   (helmet restricted)
rElec    +         Reflect  .   (no cloak)
rCorr    .         Harm     .   r - +0 pair of gloves
MR       .....                  (no boots)
Stlth    ..........             t - amulet of rage
HPRegen  0.26/turn              h - ring of insulation
MPRegen  0.13/turn              (no ring)

@: lethally poisoned (-4 -> -47), studying Long Blades
A: retaliatory headbutt, horns 2
a: Heroism, Finesse, Renounce Religion, Evoke Blink, Evoke Berserk Rage


You were on level 3 of the Lair of Beasts.
You worshipped Okawaru.
Okawaru was extremely pleased with you.
You were not hungry.

You visited 2 branches of the dungeon, and saw 10 of its levels.

You collected 559 gold pieces.
You spent 127 gold pieces at shops.

Inventory:

Hand Weapons
 b - a +3 eveningstar of pain
 l - a +2 flail of protection
 z - the +6 flail "Ohaomm" (weapon) {crush, +Blink rN+}
   (Okawaru gifted it to you on level 3 of the Lair of Beasts)

   It inflicts extra damage upon your enemies.
   It protects you from negative energy.
   It lets you blink.
 B - a +4 falchion of flaming
Armour
 m - a cursed +0 plate armour (worn)
 q - a +1 large shield (worn)
 r - a +0 pair of gloves (worn)
Jewellery
 h - a ring of insulation (left hand)
 j - an uncursed ring of fire
 t - an amulet of rage (around neck)
Wands
 p - a wand of digging (7)
 v - a wand of disintegration (12)
Scrolls
 c - a scroll of blinking {unknown}
 f - a scroll of teleportation {unknown}
 i - 4 scrolls of identify
 n - 2 scrolls of fear
 o - 4 scrolls of remove curse
 s - a scroll of enchant armour
 u - a scroll of amnesia
 A - a scroll of magic mapping {unknown}
Potions
 a - a potion of resistance
 d - a potion of might
 g - a potion of mutation {unknown}
 k - a potion of haste
 w - 2 potions of curing
 x - a potion of lignification
Books
 y - a manual of Long Blades
Miscellaneous
 C - a phial of floods
Comestibles
 e - 20 rations {!d}
 D - a chunk of flesh


   Skills:
 + Level 10.2 Fighting
   Level 4.1(9.3) Axes
 * Level 12.7(12.9) Maces & Flails
 + Level 10.2 Armour
 + Level 10.1 Shields
 + Level 4.3 Invocations


You had 10 spell levels left.
You didn't know any spells.
Your spell library contained the following spells:

 Spells                   Type           Power        Failure   Level  Hunger
 Magic Dart               Conj           #...         100%        1    ##.....
 Searing Ray              Conj           #.......     100%        2    ###....
 Iskenderun's Mystic Bla  Conj           #.......     100%        3    ####...
 Fulminant Prism          Conj/Hex       #.........   100%        4    #####..
 Irradiate                Conj/Tmut      #.........   100%        5    ######.


Dungeon Overview and Level Annotations

Branches:
Dungeon (7/12)             Temple (0/1) D:5            Lair (3/6) D:7
 Shoals (0/3) Lair:3
  Snake: Lair:2-4    Spider: Lair:2-4

Altars:
Cheibriados
Dithmenos
Fedhas
Kikubaaqudgha
Lugonu
Okawaru
Sif Muna
Vehumet
Yredelemnul
The Shining One

Shops:
D:5 !*[?   D:6 }   D:7 (

Annotations:
Lair:1 1 runed translucent door, SirMumm's ghost, novice GrWz


Innate Abilities, Weirdness & Mutations

You reflexively headbutt those who attack you in melee.
You have a pair of horns on your head.


Message History

You hit the black mamba.
The black mamba is severely wounded.
* * * LOW HITPOINT WARNING * * *
You feel very sick. You block the black mamba's attack.
The black mamba bites you.
* * * LOW HITPOINT WARNING * * *
You are more poisoned.
The black mamba poisons you!
You barely miss the black mamba.
The black mamba is severely wounded.
* * * LOW HITPOINT WARNING * * *
You feel very sick. You block the black mamba's attack. x2
You hit the black mamba but do no damage.
Your headbutt misses the black mamba.
The black mamba is severely wounded.
* * * LOW HITPOINT WARNING * * *
You feel very sick. The black mamba bites you!
You die...

#.#.###......##...#.#.
........................
#....P...#.[........####
.......................#
P.#........$≈...≈≈...#
.........≈≈#..≈##≈..#
#..#S..≈.###≈##≈≈..$
#..##SS#..≈≈..≈≈....
..#...#.#@SSl..≈#.>.≈≈.... #.
###........#####≈≈...≈..≈... .. .
#...........#....≈≈≈.≈≈#...# P. .
#............#...≈##≈.##≈..#
..#.#........##...#...##....#...#
...#...###.♣.###...#.............
#..#...#.#....###..#...#..#......
......♣ #...÷.#.#...#...........P
...<.♣###..<÷.#.#♣.>÷......#.....


You could see a black mamba, a water moccasin, a wyvern and 2 adders.

Vanquished Creatures
  2 black mambas
  4 cane toads
  5 polar bears
  2 hippogriffs
  Sigmund (D:3)
  5 blink frogs (Lair:1)
  6 spriggans (Lair:2)
  Eustachio (D:6)
  8 yaks
  Edmund (D:4)
  4 crocodiles
  3 water moccasins
  4 porcupines
  An orc warrior (D:7)
  9 black bears
  A sky beast (D:5)
  2 phantoms
  2 ogres (D:7)
  3 centaurs
  Blork the orc (D:5)
  A big kobold (D:7)
  5 bullfrogs
  A scorpion (D:7)
  4 wights
  A howler monkey (D:5)
  A crimson imp (D:5)
  2 bullfrog zombies
  A centaur zombie (D:7)
  A quasit (D:6)
  A centaur skeleton (D:7)
  3 hounds
  3 jellies
  3 orc priests
  2 bullfrog skeletons
  13 orc wizards
  Terence (D:2)
  Jessica (D:3)
  8 worker ants
  7 adders
  A shadow imp (D:6)
  7 oozes
  An adder skeleton (D:4)
  2 worms (D:2)
  A dart slug (D:1)
  3 leopard geckos
  20 orcs
  A ball python (D:3)
  3 giant cockroaches (D:1)
  7 goblins
  7 hobgoblins
  14 jackals
  11 kobolds
  4 quokkas
  5 bats
  3 frilled lizards
  A quokka skeleton (D:5)
  A quokka zombie (D:5)
  10 rats
  A fungus (Lair:1)
227 creatures vanquished.

Vanquished Creatures (others)
  3 bushes (D:6)
  5 fungi
  4 plants
12 creatures vanquished.

Grand Total: 239 creatures vanquished

Notes
Turn   | Place    | Note
-------+----------+-------------------------------------------
     0 | D:1      | Mrkan the Minotaur Fighter began the quest for the Orb.
     0 | D:1      | Reached XP level 1. HP: 19/19 MP: 0/0
   252 | D:1      | Reached XP level 2. HP: 26/27 MP: 1/1
   452 | D:1      | Reached XP level 3. HP: 33/33 MP: 2/2
   843 | D:2      | Reached XP level 4. HP: 32/40 MP: 3/3
   928 | D:2      | Noticed Terence
   932 | D:2      | Killed Terence
  1039 | D:2      | Found an iron altar of Okawaru.
  1054 | D:2      | Became a worshipper of Warmaster Okawaru
  1069 | D:2      | Reached skill level 1 in Maces & Flails
  1795 | D:3      | Reached XP level 5. HP: 45/47 MP: 4/4
  1800 | D:3      | Reached skill level 2 in Maces & Flails
  1844 | D:3      | Noticed Jessica
  1874 | D:3      | Killed Jessica
  2049 | D:3      | Reached XP level 6. HP: 50/55 MP: 5/5
  2088 | D:3      | Noticed Sigmund
  2107 | D:3      | Reached skill level 3 in Maces & Flails
  2125 | D:3      | Killed Sigmund
  2125 | D:3      | Reached * piety under Okawaru
  2125 | D:3      | Reached skill level 5 in Fighting
  2125 | D:3      | Reached skill level 4 in Maces & Flails
  2125 | D:3      | Reached skill level 5 in Armour
  2125 | D:3      | Reached skill level 5 in Shields
  2886 | D:4      | Reached XP level 7. HP: 61/61 MP: 6/6
  3416 | D:4      | Found a blossoming altar of Fedhas.
  3546 | D:5      | Entered Level 5 of the Dungeon
  3547 | D:5      | Found a staircase to the Ecumenical Temple.
  3559 | D:5      | Noticed Edmund
  3587 | D:4      | Reached skill level 5 in Maces & Flails
  3602 | D:4      | Killed Edmund
  3836 | D:4      | Reached ** piety under Okawaru
  3970 | D:5      | Found Zotupnyg's Armour Shop.
  3989 | D:5      | Reached skill level 6 in Maces & Flails
  3989 | D:5      | Reached XP level 8. HP: 52/70 MP: 7/7
  4086 | D:5      | Found Saar's Magic Scroll Emporium.
  4094 | D:5      | Bought a scroll of identify for 20 gold pieces
  4094 | D:5      | Bought a scroll of remove curse for 30 gold pieces
  4110 | D:5      | Found a corrupted altar of Lugonu.
  4233 | D:5      | Reached skill level 7 in Maces & Flails
  4236 | D:5      | Noticed Blork the orc
  4243 | D:5      | Killed Blork the orc
  4346 | D:5      | Found Olyenk's Distillery.
  4354 | D:5      | Bought a potion of curing for 33 gold pieces
  4354 | D:5      | Bought a potion of lignification for 33 gold pieces
  4354 | D:5      | Bought a potion of degeneration for 11 gold pieces
  4381 | D:5      | Found Wosaewos's Assorted Antiques.
  4580 | D:6      | Found Genimnun's Gadget Boutique.
  4602 | D:6      | Reached *** piety under Okawaru
  4649 | D:6      | Reached skill level 8 in Maces & Flails
  4727 | D:6      | Found an ancient bone altar of Kikubaaqudgha.
  4743 | D:6      | Found a shimmering blue altar of Sif Muna.
  4811 | D:6      | Found a snail-covered altar of Cheibriados.
  5002 | D:6      | Noticed Eustachio
  5039 | D:6      | Killed Eustachio
  5039 | D:6      | Reached XP level 9. HP: 58/79 MP: 8/8
  5219 | D:6      | Found a basalt altar of Yredelemnul.
  5229 | D:6      | Found a shadowy altar of Dithmenos.
  5606 | D:7      | Reached skill level 9 in Maces & Flails
  5792 | D:7      | Found Nouchoem's Weapon Boutique.
  5814 | D:7      | Reached **** piety under Okawaru
  5858 | D:7      | Found a radiant altar of Vehumet.
  6057 | D:7      | Reached skill level 10 in Maces & Flails
  6367 | D:7      | Found a staircase to the Lair.
  6406 | Lair:1   | Entered Level 1 of the Lair of Beasts
  6451 | Lair:1   | Reached XP level 10. HP: 60/90 MP: 9/9
  6586 | Lair:1   | Noticed a cane toad
  6603 | Lair:1   | Killed a cane toad
  6603 | Lair:1   | Reached ***** piety under Okawaru
  6761 | Lair:1   | Reached skill level 1 in Invocations
  6989 | Lair:1   | Received a gift from Okawaru
  6989 | Lair:1   | Reached skill level 11 in Maces & Flails
  7332 | Lair:1   | Noticed a cane toad
  7336 | Lair:1   | Killed a cane toad
  7510 | Lair:1   | Found a runed translucent door.
  7510 | Lair:1   | Noticed SirMumm's ghost (novice GrWz)
  7513 | Lair:1   | Identified the +5 trident of Hipnom {pain, rPois Dex+3}
  7605 | Lair:1   | Noticed a black mamba
  7624 | Lair:1   | Killed a black mamba
  7983 | Lair:1   | Noticed a cane toad
  7992 | Lair:1   | Killed a cane toad
  8339 | Lair:2   | Noticed a cane toad
  8344 | Lair:2   | Killed a cane toad
  8344 | Lair:2   | Reached XP level 11. HP: 97/97 MP: 12/12
  8368 | Lair:2   | Reached skill level 12 in Maces & Flails
  8677 | Lair:2   | Found a glowing golden altar of the Shining One.
  9083 | Lair:2   | Reached skill level 10 in Armour
  9394 | Lair:3   | Received a gift from Okawaru
  9394 | Lair:3   | Reached skill level 10 in Fighting
  9394 | Lair:3   | Reached skill level 10 in Shields
  9395 | Lair:3   | Got a warped flail {god gift}
  9614 | Lair:3   | Identified the +6 flail "Ohaomm" {crush, +Blink rN+}
                  | (Okawaru gifted it to you on level 3 of the Lair of Beasts)
  9646 | Lair:3   | Found a staircase to the Shoals.
  9789 | Lair:3   | HP: 3/100 [poisoned by a black mamba]
  9789 | Lair:3   | Slain by a black mamba

Skill      XL: |  1  2  3  4  5  6  7  8  9 10 11 |
---------------+----------------------------------+-----
Axes           | 3 4 |  4.1
Shields        | 4 5 6 7 8 9 10 | 10.1
Armour         | 4 5 6 7 8 9 10 | 10.2
Fighting       | 4 5 6 7 8 9 10 | 10.2
Maces & Flails | 1 2 4 6 8 10 11 12 | 12.7
Invocations    | 3 4 |  4.3

Action                   |  1- 3 |  4- 6 |  7- 9 | 10-12 || total
-------------------------+-------+-------+-------+-------++-------
Melee: War axe           |    98 |     5 |       |       ||   103
       Headbutt          |    12 |    24 |    57 |    56 ||   149
       Flail             |       |   135 |   325 |   131 ||   591
       Eveningstar       |       |       |       |   140 ||   140
  Use: Scroll            |       |       |     8 |     6 ||    14
       Potion            |       |       |       |     2 ||     2
  Eat: Chunk             |       |     6 |    12 |    11 ||    29
Armor: Scale mail        |    46 |    65 |   174 |       ||   285
       Plate armour      |       |       |     6 |   123 ||   129
Dodge: Dodged            |    46 |    35 |   120 |    22 ||   223
Block: Medium shield     |    74 |    85 |   220 |       ||   379
       Large shield      |       |       |    12 |   282 ||   294
